Map: Submarine LE

Players

A.I. 1 (Very Easy) - Winner!

  • Race: Zerg Zerg
  • Spawn Location: 11:00

Freak

  • Race: Protoss Protoss
  • League: Master
  • Spawn Location: 5:00

VOD

Have the link to the VOD?

Description

Time

  • Played on: Jan. 14, 2021, 5:59 p.m.
  • Length: 4:24
Show
View Real Time Build Order
Export as new Build Order

A.I. 1 (Very Easy) Zerg - Winner!

Build Orders: Pool Only 

Get SALT Encoding   

  12  0:01  Drone  
  13  0:12  Overlord  
  13  0:16  Drone  
  14  0:34  Spawning Pool  
  13  0:37  Drone  
  13  0:41  Extractor  
  13  0:44  Drone  
  14  0:51  Overlord  
  14  1:21  Zergling x2, Queen  
  17  1:29  Roach Warren  
  17  1:31  Extractor  
  15  1:36  Drone  
  15  1:39  Zergling x2  
  17  1:43  Drone  
  18  1:57  Drone, Zergling x2  
  21  2:08  Drone  
  21  2:19  Drone  
  22  2:28  Drone  
  22  2:29  Overlord  
  23  2:35  Drone  
  24  2:42  Drone  
Show
View Real Time Build Order
Export as new Build Order

Freak Protoss 

Build Orders: 1 Gate Expand 

Get SALT Encoding   

  12  0:00  Probe  
  13  0:12  Probe  
  14  0:18  Pylon  
  14  0:24  Probe (Chrono Boost)  
  15  0:37  Probe (Chrono Boost)  
  15  0:42  Gateway  
  16  0:45  Probe (Chrono Boost)  
  16  0:46  Assimilator  
  17  0:51  Probe  
  18  1:03  Probe  
  19  1:15  Probe  
  20  1:22  Nexus  
  20  1:32  Cybernetics Core  
  20  1:35  Probe  
  21  1:42  Assimilator  
  21  1:47  Probe  
  21  1:50  Pylon  
  22  1:59  Probe (Chrono Boost)  
  23  2:06  Stalker (Chrono Boost)  
  25  2:09  Warp Gate  
  25  2:11  Probe (Chrono Boost)  
  26  2:17  Twilight Council  
  26  2:19  Probe (Chrono Boost)  
  27  2:29  Adept  
  30  2:31  Probe (Chrono Boost)  
  30  2:34  Probe (Chrono Boost)  
  31  2:42  Robotics Facility  
  31  2:46  Probe x2 (Chrono Boost)  
  33  2:55  Probe  
  34  3:01  Gateway  
  34  3:06  Adept  
  36  3:17  Gateway  
  36  3:20  Gateway  
  36  3:29  Warp Prism (Chrono Boost)  
  38  3:37  Probe  
  38  3:40  Pylon  
  39  3:48  Probe  
  40  3:49  Probe  
  41  3:56  Adept x2  
  41  4:00  Pylon  
  45  4:08  Probe x2  
  47  4:16  Adept x2  
  47  4:17  Adept  
  53  4:18  Adept  
Tags
 
Add a new tag
Caveats
  • Supply blocks, unpowered buildings, or Contaminate may cause inaccurate times.
  • Supply counts are checked every 10 seconds.